 Dungeon Crawl Stone Soup version 0.24.0-35-gdb84b6a5db (webtiles) character file.

Game seed: 2870524718291824173, levelgen mode: deterministic

708 Delamore the Basher (level 7, -2/40 HPs)
             Began as a Gargoyle Gladiator on Nov 17, 2019.
             Killed by divine providence
             ... invoked by an orc priest
              (12 damage)
             ... on level 5 of the Dungeon.
             The game lasted 00:06:01 (4748 turns).

Delamore the Basher (Gargoyle Gladiator)            Turns: 4748, Time: 00:06:02

Health: -2/40      AC: 16    Str: 20    XL:     7   Next: 67%
Magic:  7/7        EV:  6    Int:  8    God:
Gold:   181        SH:  0    Dex: 14    Spells: 6/6 levels left

rFire    . . .     SeeInvis .   a - +0 flail
rCold    . . .     Gourm    .   (no shield)
rNeg     + . .     Faith    .   w - +0 plate armour
rPois    ∞         Spirit   .   c - +0 helmet
rElec    +         Reflect  .   (no cloak)
rCorr    .         Harm     .   (no gloves)
MR       .....                  u - +0 pair of boots
Stlth    ..........             (no amulet)
HPRegen  0.13/turn              (no ring)
MPRegen  0.10/turn              i - +3 ring of dexterity

@: no status effects
A: negative energy resistance 1, electricity resistance, unbreathing,
petrification resistance, rot immunity, AC +4
a: no special abilities


You were on level 5 of the Dungeon.
You were not hungry.

You visited 1 branch of the dungeon, and saw 5 of its levels.

You collected 181 gold pieces.

Inventory:

Hand Weapons
 a - a +0 flail (weapon)
Missiles
 d - 3 throwing nets (quivered)
Armour
 b - a +0 leather armour
 c - a +0 helmet (worn)
 r - a +0 chain mail
 u - a +0 pair of boots (worn)
 w - a +0 plate armour (worn)
Jewellery
 i - a +3 ring of dexterity (right hand)
 t - an uncursed amulet of guardian spirit
Wands
 m - a wand of polymorph (8)
Scrolls
 e - a scroll of random uselessness {unknown}
 g - 2 scrolls of magic mapping
 h - 4 scrolls of remove curse
 j - a scroll of immolation
 p - 4 scrolls of teleportation
Potions
 k - a potion of curing {unknown}
 l - a potion of ambrosia {unknown}
 n - a potion of heal wounds {unknown}
 o - a potion of invisibility {unknown}
 q - 2 potions of agility {unknown}
 s - 2 potions of brilliance {unknown}
 v - 2 potions of degeneration {unknown}
Comestibles
 f - 9 rations


   Skills:
 - Level 2.1 Fighting
 + Level 8.8 Maces & Flails
 - Level 1.7 Throwing
 - Level 2.4 Dodging


You had 6 spell levels left.
You didn't know any spells.
Your spell library was empty.

Dungeon Overview and Level Annotations

Branches:
Dungeon (5/15)
 Temple: D:4-7

Altars:


Innate Abilities, Weirdness & Mutations

You are resistant to torment.
Your stone body is resilient. (AC +4)
You are immune to poison.
You resist negative energy. (rN+)
You are resistant to electric shocks. (rElec)
You can survive without breathing.
You are immune to petrification.
You are immune to rotting.


Message History

Pain shoots through your body!
You swing at nothing.
The orc priest barely misses you.
You hit the orc priest but do no damage.
The orc priest is severely wounded.
The orc priest invokes the aid of Beogh against you.
Beogh smites you!
* * * LOW HITPOINT WARNING * * *
You are too injured to fight recklessly!
You barely miss the orc priest.
The orc priest is severely wounded.
The orc priest hits you with a +0 dagger.
* * * LOW HITPOINT WARNING * * *
You barely miss the orc priest.
The orc priest is severely wounded.
The orc priest hits you but does no damage.
Your plate armour prevents you from hitting the orc priest.
The orc priest is severely wounded.
The orc priest calls down the wrath of Beogh upon you.
Beogh smites you!
You die...

# ####.#####
.........#
.......@.#
.......)o......
..........#....
...............
.........##.. .
.........# ....
........[# ...
.........# ..


You could see an orc priest.

Vanquished Creatures
  A sky beast (D:4)
  An ogre (D:3)
  A gnoll sergeant (D:4)
  A scorpion (D:4)
  A howler monkey (D:4)
  3 orc wizards
  An orc priest (D:4)
  A worker ant (D:2)
  8 gnolls
  6 adders
  A howler monkey skeleton (D:4)
  2 worms
  A dart slug (D:4)
  4 leopard geckos
  9 orcs
  3 ball pythons
  10 bats
  5 giant cockroaches
  11 goblins
  14 hobgoblins
  3 jackals
  A quokka (D:2)
  3 frilled lizards
  8 kobolds
  A leopard gecko skeleton (D:4)
  14 rats
114 creatures vanquished.

Notes
Turn   | Place    | Note
-------+----------+-------------------------------------------
     0 | D:1      | Delamore the Gargoyle Gladiator began the quest for the
                  | Orb.
     0 | D:1      | Reached XP level 1. HP: 12/12 MP: 1/1
   228 | D:1      | Reached XP level 2. HP: 17/17 MP: 2/2
   526 | D:1      | Reached skill level 4 in Maces & Flails
   597 | D:1      | Reached XP level 3. HP: 18/21 MP: 3/3
  1373 | D:2      | Reached XP level 4. HP: 26/26 MP: 4/4
  1489 | D:2      | Reached skill level 5 in Maces & Flails
  2483 | D:3      | Reached XP level 5. HP: 30/30 MP: 5/5
  2618 | D:3      | Reached skill level 6 in Maces & Flails
  3076 | D:3      | Reached XP level 6. HP: 24/35 MP: 6/6
  3537 | D:3      | Reached skill level 7 in Maces & Flails
  4067 | D:3      | Reached XP level 7. HP: 14/40 MP: 7/7
  4266 | D:4      | Reached skill level 8 in Maces & Flails
  4572 | D:5      | Entered Level 5 of the Dungeon
  4748 | D:5      | Killed from afar by an orc priest

Levels and vault maps discovered:
D:1:      wander_arrival_peaceful_grave, layout_loops_cross, minmay_tripent
D:2:      minmay_thinvault, layout_loops_ring, minmay_misc_feat_tower
D:3:      minmay_evil_eye, layout_basic
D:4:      layout_cave_pools
D:5:      layout_rooms, marbit_many_paths, minmay_temple_entry_grid,
          first_ration, corexii_leaking_fountain, eino_tiny_chamber,
          grunt_ministairs_14, nicolae_dithmenos_the_darkroom

Skill      XL: |  1  2  3  4  5  6  7 |
---------------+----------------------+-----
Maces & Flails | 4 5 6 7 8 |  8.8
Fighting       | |  2.1
Throwing       | |  1.7
Dodging        | |  2.4

Action                   |  1- 3 |  4- 6 |  7- 9 || total
-------------------------+-------+-------+-------++-------
Melee: Flail             |   121 |   225 |    83 ||   429
  Use: Scroll            |       |     4 |     1 ||     5
  Eat: Chunk             |     2 |     8 |     3 ||    13
Armor: Leather armour    |    37 |    37 |       ||    74
       Skin              |    16 |       |       ||    16
       Chain mail        |       |   145 |    17 ||   162
       Plate armour      |       |       |    49 ||    49
Dodge: Dodged            |   103 |   164 |    17 ||   284
